 Dungeon Crawl Stone Soup version 0.26-a0-466-g989023bd0d (webtiles) character file.

Game seed: 3587982502596672185

120 sking99 the Ruffian (level 4, -7/37 HPs)
             Began as a Draconian Transmuter on Aug 9, 2020.
             Killed from afar by an orc wizard (10 damage)
             ... with a magic dart
             ... on level 3 of the Dungeon.
             The game lasted 00:05:23 (2101 turns).

sking99 the Ruffian (Draconian Transmuter)          Turns: 2101, Time: 00:05:23

Health: -7/37      AC:  5    Str: 13    XL:     4   Next: 75%
Magic:  3/7        EV: 12    Int: 14    God:
Gold:   182        SH:  0    Dex: 11    Spells: 4/7 levels left

rFire    . . .     SeeInvis .     - Unarmed
rCold    . . .     Faith    .   (no shield)
rNeg     . . .     Spirit   .   (armour unavailable)
rPois    .         Reflect  .   (helmet currently unavailable)
rElec    .         Harm     .   (no cloak)
rCorr    .                      (no gloves)
MR       .....                  (boots currently unavailable)
Stlth    +.........             (no amulet)
HPRegen  0.12/turn              (no ring)
MPRegen  0.10/turn              (no ring)

@: mighty, appendages (expiring), wereblooded, very slightly contaminated
A: unfitting armour, horns 2, talons 2, cold-blooded, AC +5
a: End Transformation


You were on level 3 of the Dungeon.
You had grown temporary horns.
You had grown temporary talons.
You visited 1 branch of the dungeon, and saw 3 of its levels.

You collected 182 gold pieces.

Inventory:

Missiles
 d - 4 curare-tipped darts (quivered)
Armour
 a - a +0 pair of boots (melded)
 b - a +0 kite shield
Jewellery
 m - an uncursed ring of resist corrosion {unknown}
Scrolls
 e - a scroll of noise {unknown}
 g - 3 scrolls of identify {unknown}
 h - 3 scrolls of fog {unknown}
 k - a scroll of remove curse {unknown}
 l - a scroll of blinking {unknown}
Potions
 c - a potion of stabbing {unknown}
 f - a potion of magic {unknown}
 j - a potion of heal wounds {unknown}
 n - a potion of ambrosia {unknown}


   Skills:
 + Level 2.6 Fighting
 - Level 1.7 Dodging
 + Level 0.8 Shields
 * Level 4.4 Unarmed Combat
 - Level 2.0 Spellcasting
 + Level 2.7 Transmutations


You had 4 spell levels left.
You knew the following spells:

 Your Spells              Type           Power        Failure   Level
a - Beastly Appendage     Tmut           #.....       8%          1
b - Wereblood             Tmut           #.......     12%         2

Your spell library contained the following spells:

 Spells                   Type           Power        Failure   Level
 Spider Form              Tmut/Pois      #.........   38%         3
 Ice Form                 Ice/Tmut       #.......     80%         4
 Blade Hands              Tmut           #.........   91%         5


Dungeon Overview and Level Annotations

Branches:
Dungeon (3/15)

Altars:


Innate Abilities, Weirdness & Mutations

Your plain brown scales are hard. (AC +5)
You cannot fit into any form of body armour.
You are cold-blooded and may be slowed by cold attacks.
You have a pair of horns on your head.
You have razor-sharp toenails.


Message History

You barely miss something. Something hits you. x2
You closely miss something. Your headbutt misses something.
You howl as the wereblood boils in your veins!
Something hits you but does no damage.
You completely miss something. You claw something.
You hear some strange, mumbled words.
A puff of frost appears from out of thin air!
The puff of frost hits you!
* * * LOW HITPOINT WARNING * * *
You barely miss something. You claw something. Something completely misses you.
You hear some strange, mumbled words.
A puff of flame appears from out of thin air!
The puff of flame hits you.
* * * LOW HITPOINT WARNING * * *
It was a potion of might.
You feel very mighty all of a sudden.
You hear some strange, mumbled words.
A magic dart appears from out of thin air!
The magic dart hits you!
You die...

........#
....###.#
..#.....#
.##.###.#########
##.####.........#
......#.#######.#
## ..###.#.# #.#
.# .## #.#
#.###.# .# #.#
#.@{o.# ##
#..>.....###o.# #
.....###. #..# #
.. #. #o.# # ..
#.o# # #. #..# #
.. ...# # #.## #
#.#


You could see 2 orcs.

Vanquished Creatures
  2 adders
  3 gnolls (D:3)
  An adder zombie (D:2)
  2 dart slugs (D:1)
  2 leopard geckos (D:1)
  2 orcs
  2 giant cockroaches (D:2)
  6 goblins
  11 hobgoblins
  2 jackals (D:2)
  2 quokkas
  2 ball pythons (D:2)
  7 bats
  2 frilled lizards
  8 kobolds
  A quokka skeleton (D:2)
  5 rats
60 creatures vanquished.

Notes
Turn   | Place    | Note
-------+----------+-------------------------------------------
     0 | D:1      | sking99 the Draconian Transmuter began the quest for the
                  | Orb.
     0 | D:1      | Reached XP level 1. HP: 16/16 MP: 3/3
   206 | D:1      | Reached XP level 2. HP: 23/23 MP: 5/5
   217 | D:1      | Learned a level 2 spell: Wereblood
   779 | D:1      | Reached XP level 3. HP: 15/29 MP: 4/6
  1419 | D:2      | Reached skill level 4 in Unarmed Combat
  1673 | D:2      | Reached XP level 4. HP: 37/37 MP: 3/7
  2101 | D:3      | Killed from afar by an orc wizard

Illustrated notes

Levels and vault maps discovered:
D:1:      saegor_arrival_miasma, layout_loops_corners, minmay_indecisive_spiral
D:2:      layout_rooms, corexii_item_surrounded_by_moat
D:3:      layout_loops_ring, serial_bayou_pond_a, corexii_hall_statues_l,
          hex_tiny

Skill      XL: |  1  2  3 |
---------------+----------+-----
Fighting       | 2 |  2.6
Unarmed Combat | 4 |  4.4
Dodging        | |  1.7
Shields        | |  0.8
Spellcasting   | |  2.0
Transmutations | |  2.7

Action                   |  1- 3 |  4- 6 || total
-------------------------+-------+-------++-------
Melee: Unarmed           |   191 |    52 ||   243
       Tailslap          |    12 |     4 ||    16
       Kick              |     2 |     3 ||     5
       Punch             |     1 |     1 ||     2
       Headbutt          |       |     1 ||     1
 Cast: Wereblood         |     2 |     2 ||     4
       Beastly Appendage |     2 |     1 ||     3
  Use: Potion            |       |     1 ||     1
 Stab: Sleeping          |       |     1 ||     1
Armor: Skin              |    64 |    15 ||    79
Dodge: Dodged            |   112 |    42 ||   154

Table legend: (Time is in decaauts)
 A = Elapsed time spent in this place.
 B = Non-inter-level travel time spent in this place.
 C = Inter-level travel time spent in this place.
 D = Time resting spent in this place.
 E = Time spent auto-exploring this place.
 F = Levels seen in this place.
 G = Mean time per level.
                   A        B        C        D        E       F      G
               +--------+--------+--------+--------+--------+-----+--------+
         Total |   2085 |   2057 |     28 |    490 |   1139 |   3 |  695.0 |
       Dungeon |   2085 |   2057 |     28 |    490 |   1139 |   3 |  695.0 |
               +--------+--------+--------+--------+--------+-----+--------+

Top non-repeatable levels by time:
     D:1: 1284 daAuts
     D:2: 711 daAuts
     D:3: 89 daAuts
